 Dungeon Crawl Stone Soup version 0.23.2-1-ga50397a (webtiles) character file.

Game seed: 14572884922451587680

189 xveg the Slinger (level 6, -2/39 HPs)
             Began as a Halfling Hunter on May 9, 2019.
             Was an Initiate of the Shining One.
             Killed by divine providence
             ... invoked by an orc priest
              (8 damage)
             ... on level 3 of the Dungeon.
             The game lasted 00:03:08 (2082 turns).

xveg the Slinger (Halfling Hunter)                  Turns: 2082, Time: 00:03:09

Health: -2/39      AC:  5    Str: 15    XL:     6   Next: 0%
Magic:  6/6        EV: 15    Int:  9    God:    the Shining One [......]
Gold:   94         SH:  0    Dex: 15    Spells: 5/5 levels left

rFire    x . .     SeeInvis .   a - +1 hunting sling
rCold    + . .     Gourm    .   (shield restricted)
rNeg     . . .     Faith    .   c - +0 leather armour
rPois    .         Spirit   .   m - +1 helmet
rElec    .         Reflect  .   (no cloak)
rCorr    .         Harm     .   (no gloves)
MR       .....                  (no boots)
Stlth    +.........             (no amulet)
HPRegen  0.13/turn              e - ring of ice
MPRegen  0.10/turn              (no ring)

@: glowing
A: small, mutation resistance 1
a: Renounce Religion


You were on level 3 of the Dungeon.
You worshipped the Shining One.
The Shining One was noncommittal.
You were not hungry.

You visited 1 branch of the dungeon, and saw 3 of its levels.

You collected 94 gold pieces.

Inventory:

Hand Weapons
 a - a +1 hunting sling (weapon)
 b - a +0 short sword
 l - a +4 short sword
Missiles
 i - 71 stones (quivered)
 k - 61 arrows
Armour
 c - a +0 leather armour (worn)
 m - a +1 helmet (worn)
Jewellery
 e - a ring of ice (left hand)
Scrolls
 d - a scroll of magic mapping
 h - 2 scrolls of identify
 o - a scroll of remove curse {unknown}
 s - a scroll of enchant weapon {unknown}
Potions
 g - a potion of invisibility {unknown}
 j - 2 potions of ambrosia
 n - a potion of might {unknown}
 q - a potion of degeneration {unknown}
 r - a potion of flight {unknown}
 t - a potion of agility {unknown}
Comestibles
 f - a ration


   Skills:
 + Level 2.3 Fighting
 + Level 8.8 Slings
 + Level 1.4 Armour
 + Level 2.4 Dodging
 + Level 1.6 Stealth


You had 5 spell levels left.
You didn't know any spells.
Your spell library was empty.

Dungeon Overview and Level Annotations

Branches:
Dungeon (3/15)

Altars:
Ru
The Shining One

Annotations:
D:3 Natasha


Innate Abilities, Weirdness & Mutations

You are small and have problems with some larger weapons.
You are somewhat resistant to further mutation.


Message History

An orc priest comes into view.
Firing (i - inventory)
i - 72 stones (quivered)
Press: ? - help, Shift-Dir - straight line, f - orc
Aim: an orc, wielding a +0 club and wearing a +0 leather armour (severely wounded)
You shoot a stone. The stone barely misses the orc.
The stone barely misses the orc wizard.
The stone closely misses the orc priest.
The orc priest shouts!
The orc wizard mumbles some strange words.
The orc wizard seems to speed up.
The orc priest mumbles some strange prayers to Beogh against you.
Beogh smites you!
* * * LOW HITPOINT WARNING * * *
The orc throws a tomahawk.
The tomahawk closely misses you.
You are too injured to fight recklessly!
You are too injured to fight recklessly!
You are too injured to fight recklessly!
The orc priest mumbles some strange prayers to Beogh against you.
Beogh smites you!
You die...

##.#.##
#.## #.#
#.# #)#
##.##
####...##
#.....#(#
###.##.#@##
.......(##
######.##
... (.o..
o..o...
.o.o...
.......
(......


You could see an orc priest, 2 orc wizards and an orc.

Vanquished Creatures
  Jessica (D:2)
  Natasha (D:3)
  A worker ant (D:3)
  3 gnolls (D:2)
  2 adders (D:2)
  An ooze (D:3)
  A worm (D:3)
  3 dart slugs
  A leopard gecko (D:2)
  2 orcs (D:3)
  8 goblins
  8 hobgoblins
  2 jackals (D:3)
  4 bats (D:1)
  4 frilled lizards
  9 kobolds
  5 rats
56 creatures vanquished.

Notes
Turn   | Place    | Note
-------+----------+-------------------------------------------
     0 | D:1      | xveg the Halfling Hunter began the quest for the Orb.
     0 | D:1      | Reached XP level 1. HP: 14/14 MP: 1/1
     4 | D:1      | Reached skill level 6 in Slings
    23 | D:1      | Reached XP level 2. HP: 17/19 MP: 2/2
   217 | D:1      | Reached skill level 1 in Armour
   527 | D:1      | Reached XP level 3. HP: 24/24 MP: 3/3
  1018 | D:2      | Reached skill level 7 in Slings
  1023 | D:2      | Noticed Jessica
  1025 | D:2      | Killed Jessica
  1025 | D:2      | Reached XP level 4. HP: 24/29 MP: 4/4
  1203 | D:2      | Reached XP level 5. HP: 23/34 MP: 5/5
  1551 | D:3      | Found a sacrificial altar of Ru.
  1578 | D:3      | Reached skill level 8 in Slings
  1621 | D:3      | Noticed Natasha
  1632 | D:3      | Killed Natasha
  1832 | D:3      | Noticed Natasha
  2013 | D:3      | Found a glowing golden altar of the Shining One.
  2038 | D:3      | Became a worshipper of the Shining One
  2080 | D:3      | Reached XP level 6. HP: 21/39 MP: 6/6
  2082 | D:3      | Killed from afar by an orc priest

Skill      XL: |  1  2  3  4  5 |
---------------+----------------+-----
Slings         | 6 7 8 |  8.8
Armour         | 1 |  1.4
Fighting       | 2 |  2.3
Dodging        | |  2.4
Stealth        | |  1.6

Action                   |  1- 3 |  4- 6 || total
-------------------------+-------+-------++-------
 Fire: Hunting sling     |    43 |   127 ||   170
  Use: Scroll            |     2 |     3 ||     5
  Eat: Chunk             |       |     2 ||     2
       Ration            |       |     1 ||     1
Armor: Leather armour    |       |     8 ||     8
Dodge: Dodged            |     1 |    19 ||    20
